 Dungeon Crawl Stone Soup version 0.28-a0-1506-g3893175d92 (webtiles) character file.

Game seed: 6619744646831798455

48 bande the Skirmisher (level 3, -1/24 HPs)
             Began as a Gargoyle Fighter on Jan 14, 2022.
             Slain by Terence (5 damage)
             ... on level 2 of the Dungeon.
             The game lasted 00:03:09 (1799 turns).

bande the Skirmisher (Gargoyle Fighter)             Turns: 1799, Time: 00:03:09

Health: -1/24      AC: 13    Str: 19    XL:     3   Next: 72%
Magic:  3/3        EV:  7    Int:  8    God:
Gold:   24         SH:  4    Dex: 11    Spells: 2/2 levels left

rFire   . . .      SeeInvis .   a - +0 war axe
rCold   . . .      Faith    .   c - +0 buckler
rNeg    + + .      Spirit   .   e - +0 chain mail
rPois   ∞          Reflect  .   j - +0 helmet
rElec   +          Harm     .   (no cloak)
rCorr   .          Rampage  .   (no gloves)
Will    .....                   (no boots)
Stlth   ..........              (no amulet)
HPRegen 0.08/turn               h - ring of positive energy
MPRegen 0.08/turn               (no ring)

@: no status effects
A: sickness immunity, AC +3, negative energy resistance 1, electricity
resistance, torment resistance 1, petrification resistance
a: no special abilities


You were on level 2 of the Dungeon.
You visited 1 branch of the dungeon, and saw 2 of its levels.

You collected 24 gold pieces.

Inventory:

Hand Weapons
 a - a +0 war axe (weapon)
Armour
 c - a +0 buckler (worn)
 e - a +0 chain mail (worn)
 j - a +0 helmet (worn)
Jewellery
 h - a ring of positive energy (left hand)
 i - an amulet of magic regeneration
 m - a ring of ice
Potions
 b - 2 potions of lignification {unknown}
 d - a potion of might
 f - a potion of heal wounds {unknown}
 g - a potion of degeneration {unknown}
 k - a potion of curing {unknown}
 l - a potion of brilliance {unknown}


   Skills:
 + Level 3.8 Fighting
 + Level 2.2 Axes
 + Level 3.8 Armour
 + Level 3.7 Shields


You had 2 spell levels left.
You didn't know any spells.
Your spell library was empty.

Dungeon Overview and Level Annotations

Branches:
Dungeon (2/15)

Altars:

Shops:
D:2 *(=*

Annotations:
D:2 Terence


Innate Abilities, Weirdness & Mutations

You are immune to sickness and miasma.
Your stone body is resilient. (AC +3)
You are immune to poison.
You resist negative energy. (rN+)
You are resistant to electric shocks. (rElec)
You are resistant to unholy torment.
You are immune to petrification.


Message History

Things that are here:
a jackal corpse; a jackal corpse
Things that are here:
a jackal corpse; a jackal corpse
There is a stone staircase leading down here.
There is a stone staircase leading down here.
Found 21 stones.
Terence the Incautious comes into view.
He is wielding a +2 flail of protection.
Terence shouts!
Found a chain mail.
Found 9 gold pieces.
Terence barely misses you.
You barely miss Terence. Terence completely misses you.
You hit Terence but do no damage.
Terence hits you with a +2 flail of protection.
Terence closely misses you.
You hit Terence but do no damage. Terence completely misses you.
You hit Terence but do no damage.
Terence hits you with a +2 flail of protection!
Terence hits you with a +2 flail of protection.
* * * LOW HITPOINT WARNING * * *
You are too injured to fight recklessly!
You are too injured to fight recklessly!
You are too injured to fight recklessly!
You are too injured to fight recklessly!
You are too injured to fight recklessly!
You are too injured to fight recklessly!
You are too injured to fight recklessly!
You are too injured to fight recklessly!
You hit Terence.
Terence is lightly wounded.
Terence closely misses you.
You closely miss Terence.
Terence is lightly wounded.
Terence hits you with a +2 flail of protection.
* * * LOW HITPOINT WARNING * * *
Terence barely misses you.
You barely miss Terence.
Terence is lightly wounded.
Terence hits you with a +2 flail of protection.
You die...

##.#...###..######
#.#...# #..#
#.#...###..######
#................
####...####.......
#......#####.##### #
#.##..###.##.# .#
.............#####..#####
..##......#.....@@...[..#
..###.##.....####....##.#
......###.#..# ....##.#
..##### #.#..# #$..##.#
...## #.#..# ...##.#
##..## #..... ...##.#
##...######..## ..##.#
.#...........# ..##.#
.....#.### .(. #.#


You could see Terence.

Vanquished Creatures
  2 adders (D:2)
  A worm (D:2)
  3 bats
  2 endoplasms
  2 giant cockroaches (D:1)
  2 goblins (D:1)
  3 jackals (D:2)
  A quokka (D:1)
  4 ball pythons (D:2)
  3 frilled lizards (D:1)
  2 kobolds (D:1)
  2 rats
27 creatures vanquished.

Notes
Turn   | Place    | Note
-------+----------+-------------------------------------------
     0 | D:1      | bande the Gargoyle Fighter began the quest for the Orb.
     0 | D:1      | Reached XP level 1. HP: 14/14 MP: 1/1
    59 | D:1      | Found a faded altar of an unknown god.
   262 | D:1      | Reached XP level 2. HP: 19/19 MP: 2/2
   379 | D:1      | You fall into a shaft and drop 1 floor!
   438 | D:2      | Found Akus's Jewellery Shoppe.
   472 | D:2      | Reached XP level 3. HP: 21/24 MP: 3/3
   502 | D:2      | Found Ifeab's Weapon Shoppe.
   573 | D:2      | Found Quist's General Store.
  1265 | D:2      | Found Huos Ubof's Assorted Antiques.
  1789 | D:2      | Noticed Terence
  1799 | D:2      | Slain by Terence

Illustrated notes

Levels and vault maps discovered:
D:1:      psy_arrival_conway, layout_loops_corners,
          dreamdust_ecumenical_altar_grove
D:2:      layout_loops_ring, serial_shops, nicolae_shop_waterfront,
          nicolae_shop_bloodbath_and_beyond, nicolae_diamond_shop, shop,
          uniq_terence

Skill      XL: |  1  2 |
---------------+-------+-----
Axes           | 2 |  2.2
Fighting       | |  3.8
Armour         | |  3.8
Shields        | |  3.7

Action                   || total
-------------------------++-------
Melee: War axe           ||    85
Armor: Scale mail        ||     9
       Chain mail        ||    49
Dodge: Dodged            ||    36
Block: Buckler           ||    22

Table legend: (Time is in decaauts)
 A = Elapsed time spent in this place.
 B = Non-inter-level travel time spent in this place.
 C = Inter-level travel time spent in this place.
 D = Time resting spent in this place.
 E = Time spent auto-exploring this place.
 F = Levels seen in this place.
 G = Mean time per level.
                   A        B        C        D        E       F      G
               +--------+--------+--------+--------+--------+-----+--------+
         Total |   1837 |   1770 |     67 |      0 |   1478 |   2 |  918.5 |
       Dungeon |   1837 |   1770 |     67 |      0 |   1478 |   2 |  918.5 |
               +--------+--------+--------+--------+--------+-----+--------+

Top non-repeatable levels by time:
     D:1: 1061 daAuts
     D:2: 776 daAuts
